 Dungeon Crawl Stone Soup version 0.22-b1-26-g9dbaab1 (webtiles) character file.

4292 corax the Slinger (level 10, 0/51 HPs)
             Began as a Spriggan Hunter on Aug 6, 2018.
             Was an Initiate of Gozag.
             Killed from afar by an orc wizard (5 damage)
             ... with a puff of frost
             ... on level 10 of the Dungeon.
             The game lasted 00:32:42 (8978 turns).

corax the Slinger (Spriggan Hunter)                 Turns: 8978, Time: 00:32:42

Health: 0/51       AC:  4    Str:  8    XL:     10   Next: 11%
Magic:  15/15      EV: 24    Int: 16    God:    Gozag
Gold:   1210       SH:  0    Dex: 17    Spells: 9/9 levels left

rFire    . . .     SeeInvis +   a - +3 hunting sling
rCold    . . .     Gourm    .   (shield restricted)
rNeg     . . .     Faith    .   c - +2 robe
rPois    .         Spirit   .   (helmet restricted)
rElec    .         Reflect  .   (no cloak)
rCorr    .         Harm     .   (gloves unavailable)
MR       +....                  (boots unavailable)
Stlth    ++++......             (no amulet)
HPRegen  0.17/turn              (no ring)
MPRegen  0.14/turn              (no ring)

@: gold aura, very quick
A: very small, unfitting armour, see invisible, herbivore, speed 3, slow
metabolism 2
a: Potion Petition, Call Merchant, Bribe Branch, Renounce Religion


You were on level 10 of the Dungeon.
You worshipped Gozag.
Gozag was most pleased with you.
You were not hungry.

You visited 2 branches of the dungeon, and saw 11 of its levels.
You also visited: Bailey.

You collected 1293 gold pieces.
You spent 46 gold pieces at shops.
You paid 37 gold pieces to Gozag.

Inventory:

Hand Weapons
 a - a +3 hunting sling (weapon)
 b - a +2 dagger of holy wrath
 o - a +0 short sword
Missiles
 d - 43 sling bullets
 e - 81 stones (quivered)
 j - 61 arrows
 l - 14 poisoned needles
 z - 65 tomahawks of returning
Armour
 c - a +2 robe (worn)
Jewellery
 m - an uncursed ring of teleportation
Wands
 r - a wand of random effects (51)
 y - a wand of polymorph (9)
 E - a wand of acid (7)
Scrolls
 h - a scroll of amnesia
 k - 5 scrolls of identify
 p - 4 scrolls of teleportation
 q - 2 scrolls of magic mapping {unknown}
 t - a scroll of blinking {unknown}
 w - 2 scrolls of remove curse
 D - a scroll of fear {unknown}
Potions
 g - 9 potions of curing
 i - 2 potions of brilliance {unknown}
 n - 5 potions of mutation {unknown}
 s - 2 potions of flight {unknown}
 u - 3 potions of heal wounds
 v - a potion of cancellation
 x - a potion of agility
 A - 3 potions of magic {unknown}
 B - a potion of might {unknown}
 C - a potion of experience {unknown}
 F - 2 potions of haste {unknown}
Comestibles
 f - 18 rations


   Skills:
 + Level 5.0 Fighting
 + Level 6.0 Short Blades
 * Level 10.7 Slings
 + Level 8.7 Dodging
 + Level 9.0 Stealth
 + Level 5.6 Evocations


You had 9 spell levels left.
You didn't know any spells.
Your spell library contained the following spells:

 Spells                   Type           Power        Failure   Level  Hunger
 Apportation              Tloc           #.....       26%         1    ##.....
 Summon Small Mammal      Summ           #...         26%         1    ##.....
 Animate Skeleton         Necr           N/A          26%         1    ##.....
 Confusing Touch          Hex            #.....       26%         1    ##.....


Dungeon Overview and Level Annotations

Branches:
Dungeon (10/15)            Temple (1/1) D:5
   Lair: D:8-11         Orc: D:9-12

Altars:
Ashenzari
Cheibriados
Dithmenos
Elyvilon
Fedhas
Gozag
Hepliaklqana
Kikubaaqudgha
Makhleb
Nemelex Xobeh
Okawaru
Qazlal
Ru
Sif Muna
Trog
Uskayaw
Vehumet
Wu Jian
Xom
Yredelemnul
Zin
The Shining One

Shops:
D:5 *

Annotations:
D:8 3 runed doors, Gorglomux's ghost, novice DsTm


Innate Abilities, Weirdness & Mutations

You are very small and have problems with some larger weapons.
You are too small for most types of armour.
You have supernaturally acute eyesight. (SInv)
You are a herbivore.
You cover ground extremely quickly.
You need to consume almost no food.


Message History

Press: ? - help, Shift-Dir - straight line, f/p - fire bat
Aim: a fire bat (heavily wounded)
The bolt of acid hits the fire bat.
The fire bat is splashed with acid.
You kill the fire bat!
The orc wizard casts a cantrip, but nothing happens.
You are too injured to fight recklessly!
Firing (i - inventory. (/) - cycle)
e - 83 stones (quivered)
Press: ? - help, Shift-Dir - straight line, f - orc
Aim: an orc, wielding a staff of fire (heavily wounded)
You shoot a stone. The stone barely misses the orc.
The stone closely misses the orc wizard.
Firing (i - inventory. (/) - cycle)
e - 82 stones (quivered)
Press: ? - help, Shift-Dir - straight line, f/p - orc
Aim: an orc, wielding a staff of fire (heavily wounded)
You shoot a stone. The stone hits the orc!
You kill the orc!
The orc wizard casts a spell at you. The puff of frost hits you!
You die...
Your body crumbles into a pile of gold.

#..........)...## $
##..........<>##
#...........######
##...........?....#
##.....)...........#
.###..#............<...
.......................
............o.....#..#.
.....#@$..($.(((###...
.#.###.......$........
$ ... ##......###$###..
.. ........## ((.
####...## $$.# #..##
..((# #.## ##o. #.# .(


You could see an orc wizard.

Vanquished Creatures
  An unseen horror (D:10)
  2 hippogriffs
  2 fire bats (D:10)
  A hungry ghost (D:7)
  A warg (shapeshifter) (Bailey)
  2 water moccasins (D:8)
  A hornet zombie (D:7)
  An orc warrior (D:10)
  3 ice beasts
  2 ogres
  A necrophage (D:2)
  3 phantoms
  A centaur (D:10)
  3 bullfrogs
  A gnoll sergeant (D:5)
  2 scorpions
  3 wights (D:10)
  4 crimson imps
  2 jellies (D:5)
  2 orc priests
  A centaur skeleton (D:6)
  3 hounds
  Crazy Yiuf (D:3)
  2 iguanas
  Terence (D:2)
  5 orc wizards
  7 worker ants
  A hound zombie (D:8)
  A worker ant zombie (D:8)
  Robin (D:2)
  6 adders
  16 gnolls
  A howler monkey skeleton (D:5)
  2 oozes
  An adder zombie (D:6)
  2 adder skeletons
  2 worms
  3 dart slugs
  6 leopard geckos
  25 orcs
  4 giant cockroaches
  22 goblins
  16 hobgoblins
  6 jackals
  A quokka (D:3)
  3 ball pythons
  2 bats (D:2)
  6 frilled lizards
  17 kobolds
  2 leopard gecko skeletons
  8 rats
212 creatures vanquished.

Vanquished Creatures (others)
  A human (D:6)
  A gnoll (Bailey)
2 creatures vanquished.

Grand Total: 214 creatures vanquished

Notes
Turn   | Place    | Note
-------+----------+-------------------------------------------
     0 | D:1      | corax the Spriggan Hunter began the quest for the Orb.
     0 | D:1      | Reached XP level 1. HP: 10/10 MP: 2/2
   107 | D:1      | Reached skill level 5 in Slings
   119 | D:1      | Reached XP level 2. HP: 15/15 MP: 3/3
   221 | D:1      | Found a glowing golden altar of the Shining One.
   435 | D:1      | Reached skill level 1 in Short Blades
   527 | D:1      | Reached XP level 3. HP: 18/18 MP: 4/4
   751 | D:2      | Noticed Robin
   819 | D:2      | Killed Robin
   904 | D:2      | Found a transporter.
   944 | D:2      | Found a transporter.
   945 | D:2      | Noticed an ice beast
   951 | D:2      | Noticed a necrophage
   986 | D:2      | Reached XP level 4. HP: 23/23 MP: 5/5
  1534 | D:2      | Noticed Terence
  1673 | D:2      | Killed Terence
  1848 | D:2      | Found a glowing golden altar of the Shining One.
  1961 | D:2      | Killed a necrophage
  1961 | D:2      | Reached skill level 6 in Slings
  1961 | D:2      | Reached XP level 5. HP: 27/27 MP: 6/6
  1994 | D:2      | Killed an ice beast
  1994 | D:2      | Reached XP level 6. HP: 32/32 MP: 7/7
  2401 | D:3      | Found a runed door.
  2442 | D:3      | Found a shadowy altar of Dithmenos.
  2685 | D:3      | Found an opulent altar of Gozag.
  2692 | D:3      | Became a worshipper of Gozag Ym Sagoz the Greedy
  2989 | D:3      | Noticed Crazy Yiuf
  3033 | D:3      | Killed Crazy Yiuf
  3492 | D:4      | Reached skill level 5 in Dodging
  3820 | D:4      | Reached skill level 7 in Slings
  3820 | D:4      | Reached XP level 7. HP: 28/36 MP: 8/8
  3996 | D:4      | Found a glowing silver altar of Zin.
  4009 | D:4      | Reached skill level 5 in Stealth
  4022 | D:4      | Found a bloodstained altar of Trog.
  4025 | D:4      | Found a hazy altar of Hepliaklqana.
  4095 | D:4      | Found a shimmering altar of Xom.
  4540 | D:5      | Entered Level 5 of the Dungeon
  4690 | D:5      | Found a staircase to the Ecumenical Temple.
  4735 | Temple   | Entered the Ecumenical Temple
  4864 | D:5      | Reached skill level 1 in Evocations
  4998 | D:5      | Found Juipti's General Store.
  5207 | D:5      | Reached skill level 8 in Slings
  5207 | D:5      | Reached XP level 8. HP: 16/40 MP: 8/10
  5425 | D:5      | Bought 13 arrows for 26 gold pieces
  5425 | D:5      | Bought a scroll of identify for 20 gold pieces
  6175 | D:6      | Found an ancient bone altar of Kikubaaqudgha.
  6227 | D:6      | Found an ornate altar of the Wu Jian Council.
  6484 | D:6      | Found a burning altar of Makhleb.
  6916 | D:7      | Found a flagged portal.
  6944 | Bailey   | Entered a bailey
  7004 | Bailey   | Reached skill level 9 in Slings
  7192 | Bailey   | Noticed an orc knight
  7195 | Bailey   | Noticed a glowing shapeshifter
  7195 | Bailey   | an orc knight changed into a glowing shapeshifter
  7196 | Bailey   | a glowing shapeshifter changed into a swamp worm
  7472 | D:7      | Reached XP level 9. HP: 45/45 MP: 12/12
  7608 | D:7      | Found a shadowy altar of Dithmenos.
  7704 | D:7      | Reached skill level 5 in Short Blades
  7905 | D:8      | Found an iron altar of Okawaru.
  8020 | D:8      | Found a runed gate.
  8020 | D:8      | Found a runed gate.
  8021 | D:8      | Found a runed gate.
  8311 | D:8      | Reached skill level 10 in Slings
  8509 | D:8      | Noticed Gorglomux's ghost (novice DsTm)
  8651 | D:10     | Entered Level 10 of the Dungeon
  8680 | D:10     | Noticed an unseen horror
  8686 | D:10     | HP: 2/46 [unseen horror (1)]
  8710 | D:10     | Killed an unseen horror
  8710 | D:10     | Reached skill level 5 in Evocations
  8808 | D:10     | Reached XP level 10. HP: 37/51 MP: 15/15
  8954 | D:10     | Reached skill level 5 in Fighting
  8978 | D:10     | Killed from afar by an orc wizard

Skill      XL: |  1  2  3  4  5  6  7  8  9 10 |
---------------+-------------------------------+-----
Slings         | 5 6 7 8 9 10 | 10.7
Stealth        | 2 3 4 5 7 8 9 |  9.0
Short Blades   | 1 2 3 4 5 6 |  6.0
Fighting       | 2 3 4 5 |  5.0
Dodging        | 4 5 6 7 8 |  8.7
Evocations     | 1 3 5 |  5.6

Action                   |  1- 3 |  4- 6 |  7- 9 | 10-12 || total
-------------------------+-------+-------+-------+-------++-------
Melee: Dagger            |       |       |   164 |       ||   164
       Short sword       |       |       |     1 |       ||     1
 Fire: Hunting sling     |   102 |   369 |   683 |    42 ||  1196
Evoke: Wand              |       |       |    10 |     1 ||    11
  Use: Scroll            |       |       |    13 |       ||    13
       Potion            |       |       |     4 |       ||     4
 Stab: Sleeping          |       |       |     9 |       ||     9
  Eat: Ration            |       |       |     3 |       ||     3
Armor: Robe              |     2 |     2 |    19 |     4 ||    27
Dodge: Dodged            |    11 |    66 |   310 |    14 ||   401
